 Dungeon Sprint DCSS version 0.21.1-1-g345015f (webtiles) character file.

453 doot the Covert (level 6, -2/28 HPs)
             Began as a Spriggan Enchanter on May 1, 2018.
             Engulfed by a cloud of steam (8 damage)
             ... in the Dungeon (Sprint II: "The Violet Keep of Menkaure").
             The game lasted 00:01:36 (76 turns).

doot the Covert (Spriggan Enchanter)                  Turns: 76, Time: 00:01:37

Health: -2/28      AC:  2    Str:  4    XL:     6   Next: 75%
Magic:  14/17      EV: 23    Int: 17    God:
Gold:   243        SH:  0    Dex: 18    Spells: 19/20 levels left

rFire    . . .     SeeInvis +   a - +1 dagger
rCold    . . .     Gourm    .   (shield restricted)
rNeg     . . .     Faith    .   b - +0 robe
rPois    .         Spirit   .   (helmet restricted)
rElec    .         Reflect  .   (no cloak)
rCorr    .         Harm     .   (gloves unavailable)
MR       +....     NoTele   +   (boots unavailable)
Stlth    +++.......             (no amulet)
HPRegen  0.09/turn              (no ring)
MPRegen  0.15/turn              (no ring)

@: slow
A: very small, unfitting armour, see invisible, herbivore, speed 3, slow
metabolism 2
a: no special abilities


You were in the Dungeon.
You were not hungry.

You visited 1 branch You collected 243 gold pieces.

Inventory:

Hand Weapons
 a - a +1 dagger (weapon)
Armour
 b - a +0 robe (worn)
Scrolls
 j - a scroll of blinking
Potions
 e - a potion of curing
 g - a potion of haste
 h - 2 potions of magic
Books
 c - a book of Maledictions

   Spells                             Type                      Level
   a - Corona                         Hexes                        1
   b - Ensorcelled Hibernation        Hexes/Ice                    2
   c - Confuse                        Hexes                        3
   d - Tukima's Dance                 Hexes                        3
   e - Dazzling Spray                 Conjuration/Hexes            3
Comestibles
 d - a ration


   Skills:
 + Level 2.6 Short Blades
 + Level 7.0 Dodging
 + Level 12.8 Stealth
 + Level 7.6 Spellcasting
 + Level 11.4 Hexes


You had 19 spell levels left.
You knew the following spells:

 Your Spells              Type           Power        Failure   Level  Hunger
a - Corona                Hex            #####..      1%          1    None


Dungeon Overview and Level Annotations

Branches:
Dungeon (1/1)

Altars:

Shops:
D ?=![}:!(?[!

Annotations:
D exclusions: ice statue and orange crystal statue, Menkaure


Innate Abilities, Weirdness & Mutations

You are very small and have problems with some larger weapons.
You are too small for most types of armour.
You have supernaturally acute eyesight. (SInv)
You are a herbivore.
You cover ground extremely quickly.
You need consume almost no food.


Message History

The orange crystal statue is engulfed in mutagenic fog.
Found Ilocko's Antique Armour Shop and Wisch's Gadget Boutique.
Found Saamuukk's Distillery.
Found 7 gold pieces.
Found Buecvah's Jewellery Shop and Qayhan's Magic Scroll Boutique.
You feel yourself speed up. Menkaure completely misses you.
Menkaure draws the symbol "Udjat" in the dust.
Marking area around the ice statue as unsafe for travelling.
Menkaure gestures at you while chanting.
Pain shoots through your body!
You recover from your berserk rage.
Menkaure is no longer moving quickly.
Menkaure gestures at you while chanting.
Pain shoots through your body!
* * * LOW HITPOINT WARNING * * *
Really walk into a travel-excluded area?
A crocodile comes into view.
You are engulfed in a cloud of scalding steam.
You die...

..#≈≈≈≈## ##.####
..#≈≈≈≈# #.M..#
..#≈≈### ###..##
∩.#≈## #+# #.##..#
.∩#≈# ##.###..#..#
∩.+≈+ +.<.'##.'..###
.∩#≈#
##.##.#.#....###
###≈##
#+###.##§.....§≈
###≈≈###
###@§§....≈# ##≈≈≈#
#≈§§≈≈≈§..≈# #+#≈##
##≈§≈§≈≈≈≈.≈#
#≈≈##+##≈≈§§§§≈§≈≈≈#
##≈≈≈≈M≈≈§§§≈§§≈§≈t#
#+++#+++#§§≈≈≈≈§§§#
.§... #§§≈###§
§.§§§§..§ #§≈#
+..§..8§....'§≈#


You could see a crocodile (wandering) and Menkaure.

Vanquished Creatures
  3 neqoxecs (D)
  A crocodile (D)
4 creatures vanquished.

Vanquished Creatures (others)
  A neqoxec (D)
1 creature vanquished.

Grand Total: 5 creatures vanquished

Notes
Turn   | Place    | Note
-------+----------+-------------------------------------------
     0 | D        | doot the Spriggan Enchanter began the quest for the Orb.
     0 | D        | Reached XP level 1. HP: 9/9 MP: 5/5
     1 | D        | Noticed a neqoxec
     8 | D        | Killed a neqoxec
     8 | D        | Reached skill level 5 in Dodging
     8 | D        | Reached skill level 9 in Stealth
     8 | D        | Reached skill level 5 in Spellcasting
     8 | D        | Reached XP level 2. HP: 13/13 MP: 4/9
     8 | D        | Reached XP level 3. HP: 16/16 MP: 4/11
     8 | D        | Reached XP level 4. HP: 21/21 MP: 4/12
     9 | D        | Noticed a neqoxec
    17 | D        | Killed a neqoxec
    17 | D        | Reached skill level 11 in Stealth
    17 | D        | Reached skill level 10 in Hexes
    17 | D        | Reached XP level 5. HP: 24/24 MP: 5/15
    18 | D        | Noticed a neqoxec
    23 | D        | Killed a neqoxec
    23 | D        | Reached skill level 12 in Stealth
    23 | D        | Reached XP level 6. HP: 28/28 MP: 5/17
    32 | D        | Noticed Menkaure
    40 | D        | Killed a neqoxec
    49 | D        | Noticed an orange crystal statue
    52 | D        | Found Yloinan's Antique Armour Boutique.
    54 | D        | Found Cutal's Antique Weapon Shop.
    54 | D        | Found Iseiper's Magic Scroll Boutique.
    54 | D        | Found Jouwiuts's Distillery.
    56 | D        | Found Niwufuf's Book Boutique.
    56 | D        | Found Techere's Distillery.
    57 | D        | Found Ilocko's Antique Armour Shop.
    57 | D        | Found Wisch's Gadget Boutique.
    58 | D        | Found Saamuukk's Distillery.
    59 | D        | Found Buecvah's Jewellery Shop.
    59 | D        | Found Qayhan's Magic Scroll Boutique.
    59 | D        | Noticed a death yak
    69 | D        | Noticed an ice statue
    76 | D        | Engulfed by a cloud of steam

Skill      XL: |  1  2  3  4  5  6 |
---------------+-------------------+-----
Dodging        | 5 6 7 |  7.0
Stealth        | 9 11 12 | 12.8
Spellcasting   | 5 6 7 |  7.6
Hexes          | 8 10 11 | 11.4
Short Blades   | 2 |  2.6

Action                   |  1- 3 |  4- 6 || total
-------------------------+-------+-------++-------
Melee: Dagger            |     3 |    16 ||    19
 Cast: Corona            |     1 |       ||     1
  Use: Potion            |     1 |     1 ||     2
 Stab: Sleeping          |     1 |     1 ||     2
Dodge: Dodged            |     3 |     9 ||    12
